 Dungeon Crawl Stone Soup version 0.31-a0-149-g3fdcc5976a (webtiles) character file.

Game seed: 5862797170734487199

45453 Whirlpool the Convoker (level 14, -9/86 HPs)
             Began as a Deep Elf Summoner on June 7, 2023.
             Was an Initiate of Gozag.
             Mangled by a ghoul (21 damage)
             ... on level 2 of the Swamp.
             The game lasted 04:06:44 (24481 turns).

Whirlpool the Convoker (Deep Elf Summoner)         Turns: 24481, Time: 04:06:45

Health: -9/86      AC: 15    Str:  5    XL:     14   Next: 1%
Magic:  21/28      EV: 12    Int: 29    God:    Gozag
Gold:   1491       SH:  5    Dex: 15    Spells: 8/29 levels left

rFire   + . .        i - +6 arbalest "Heacog" {penet, rF+ rC+}
rCold   + . .        (shield currently unavailable)
rNeg    . . .        A - +3 leather armour {Will+}
rPois   .            F - +2 helmet {Int+3}
rElec   .            d - +2 cloak
rCorr   .            (no gloves)
SInv    .            w - +1 pair of boots
Will    ++...        r - amulet of reflection
Stlth   ++           Q - ring of wizardry
HPRegen 0.34/turn    s - ring of flight
MPRegen 0.21/turn

%: reflection, wizardry (x1)
@: flying, studying Fighting
A: no striking features
a: Renounce Religion, Potion Petition, Call Merchant, Bribe Branch


You were on level 2 of the Swamp.
You worshipped Gozag.
Gozag was most pleased with you.
You visited 4 branches of the dungeon, and saw 16 of its levels.
You also visited: Bailey.

You collected 5216 gold pieces.
You spent 3012 gold pieces at shops.
You paid 713 gold pieces to Gozag.

Inventory:

Hand Weapons
 i - the +6 arbalest "Heacog" (weapon) {penet, rF+ rC+}
   (You found it on level 2 of the Dungeon)

   rF:        It protects you from fire.
   rC:        It protects you from cold.
 V - the +1 arbalest "Jeowoxu" {heavy, Fly rF+ Dex+3}
   (You found it in a bailey)

   Dex:       It affects your dexterity (+3).
   rF:        It protects you from fire.
   Fly:       It grants you flight.
Missiles
 E - 3 curare-tipped darts
 N - 5 boomerangs of dispersal
 W - a throwing net
Armour
 d - a +2 cloak (worn)
 v - a +2 robe of cold resistance
 w - a +1 pair of boots (worn)
 A - a +3 leather armour of willpower (worn)
 B - a scarf of invisibility
 F - a +2 helmet of intelligence (worn)
 X - a +3 ring mail
Jewellery
 b - an amulet of faith
 j - a ring of positive energy
 q - a ring of willpower
 r - an amulet of reflection (around neck)
 s - a ring of flight (right hand)
 I - an amulet of guardian spirit
 O - a ring of see invisible
 Q - a ring of wizardry (left hand)
 S - the amulet of Elemental Vulnerability {rPois rF-- rC-- AC+8}
   (You found it on level 2 of the Lair of Beasts)

   [amulet of nothing]

   AC:        It affects your AC (+8).
   rF:        It makes you very vulnerable to fire.
   rC:        It makes you very vulnerable to cold.
   rPois:     It protects you from poison.
Wands
 f - a wand of roots (12)
 y - a wand of quicksilver (26)
 C - a wand of charming (33)
 H - a wand of flame (33)
 M - a wand of polymorph (9)
 P - a wand of digging (3)
Scrolls
 g - a scroll of magic mapping
 m - a scroll of identify
 n - 4 scrolls of enchant weapon
 t - 2 scrolls of fear
 u - 4 scrolls of teleportation
 G - 2 scrolls of vulnerability
 R - 3 scrolls of fog
 U - 2 scrolls of enchant armour
Potions
 a - a potion of berserk rage
 c - 2 potions of enlightenment
 e - 5 potions of curing
 h - 5 potions of degeneration
 k - a potion of brilliance
 l - 5 potions of might
 o - 2 potions of mutation
 p - a potion of ambrosia
 x - 3 potions of attraction
 z - 4 potions of lignification
 K - a potion of cancellation
 L - a potion of haste {unknown}
Miscellaneous
 Y - a sack of spiders


   Skills:
 * Level 9.4 Fighting
 - Level 8.0 Ranged Weapons
 - Level 6.0 Armour
 - Level 4.0 Dodging
 - Level 4.0 Stealth
 + Level 8.1 Spellcasting
 + Level 7.5 Conjurations
 + Level 6.2 Hexes
 - Level 20.0 Summonings


You had 8 spell levels left.
You knew the following spells:

 Your Spells              Type           Power      Damage    Failure   Level
a - Summon Small Mammal   Summ           100%       N/A       0%          1
b - Call Canine Familiar  Summ           91%        N/A       0%          3
c - Summon Guardian Gole  Hex/Summ       73%        N/A       1%          3
d - Summon Hydra          Summ           45%        N/A       1%          7
e - Spellforged Servitor  Conj/Summ      37%        N/A       9%          7

Your spell library contained the following spells:

 Spells                   Type           Power      Damage    Failure   Level
 Call Imp                 Summ           100%       N/A       0%          2
 Magic Dart               Conj           100%       1d8       1%          1
 Searing Ray              Conj           100%       2d8       1%          2
 Stone Arrow              Conj/Erth      66%        3d11      1%          3
 Fulminant Prism          Conj/Hex       25%        3d14      1%          4
 Summon Lightning Spire   Summ/Air       63%        N/A       1%          4
 Beastly Appendage        Tmut           22%        N/A       2%          1
 Sandblast                Erth           22%        2d7       2%          1
 Cause Fear               Hex            24%        N/A       2%          4
 Mephitic Cloud           Conj/Pois/Air  26%        N/A       3%          3
 Passwall                 Tmut/Erth      9%         N/A       4%          2
 Sublimation of Blood     Necr           11%        N/A       4%          2
 Wereblood                Tmut           11%        N/A       4%          2
 Spider Form              Tmut/Pois      11%        N/A       9%          3
 Silence                  Hex/Air        14%        N/A       21%         5
 Haunt                    Necr/Summ      31%        N/A       36%         7
 Orb of Destruction       Conj           26%        9d9       69%         7
 Dragon Form              Tmut           5%         N/A       100%        7
 Dragon's Call            Summ           45%        N/A       58%         9
 Chain Lightning          Conj/Air       16%        3d22      100%        9
 Fire Storm               Conj/Fire      16%        8d4       100%        9
 Shatter                  Erth           5%         3d8*      100%        9


Dungeon Overview and Level Annotations

Branches:
Dungeon (9/15)             Temple (1/1) D:5            Lair (3/5) D:8
  Swamp (3/4) Lair:3       Bailey (visited)
  Snake: Lair:2-3    Spider: Lair:2-3       Orc: D:9-12

Altars:
Ashenzari
Cheibriados
Dithmenos
Elyvilon
Fedhas
Gozag
Hepliaklqana
Kikubaaqudgha
Makhleb
Nemelex Xobeh
Okawaru
Qazlal
Ru
Sif Muna
Trog
Uskayaw
Vehumet
Wu Jian
Xom
Yredelemnul
Zin
The Shining One

Shops:
D:1 *   D:2 !   D:4 *   D:5 [[([[   D:7 !   Swamp:1 :

Annotations:
Lair:3 Amaemon


Message History

There is a stone staircase leading down, spattered with blood here.
You fly downwards.
The bog body casts a spell at you. The bolt of cold hits you! You resist.
The ghoul claws you but does no damage. The ghoul closely misses you.
You hear a deafening roar!
There is a stone staircase leading up, spattered with blood here.
You see here 6 gold pieces.
You block the ghoul's attack. The ghoul claws you! The ghoul claws you!!
The ghoul claws you.
You fly upwards.
There is a stone staircase leading down, spattered with blood here.
What are your orders? t - Shout!
Orders for allies: a - Attack new target. r - Retreat! s - Stop attacking. g - Guard the area. f - Follow me.
Anything else - Cancel.
Okay, then.
Aiming: Charm
Press: ? - help, Shift-Dir - straight line, f - you
Okay, then.
Aiming: Polymorph
Press: ? - help, Shift-Dir - straight line, f - you
Okay, then.
Casting: Summon Hydra (dangerous; 1% risk of failure)
Confirm with . or Enter, or press ? or * to list all spells.
Okay, then.
Casting: Summon Hydra (dangerous; 1% risk of failure)
Confirm with . or Enter, or press ? or * to list all spells.
An eight-headed hydra appears.
The ghoul claws you! The ghoul claws you.
* * * LOW HITPOINT WARNING * * *
The ghoul claws you!
* * * LOW HITPOINT WARNING * * *
The ghoul splashes around in the water.
You feel better. The ghoul claws you.
* * * LOW HITPOINT WARNING * * *
The ghoul barely misses you. The ghoul claws you!!
You die...
Your body crumbles into a pile of gold.

♣♣♣♣♣~~.....~~........~~
♣♣~.~..>~~.....♣♣.....♣..
♣~~~.♣♣.~.~...~♣♣.~~§...~
♣.~~.~..♣♣♣♣..♣♣♣♣...<..~
♣♣..~...♣ ♣♣....♣♣♣~..~.
♣.~~~..♣♣ ♣♣.~~~.♣...~~~
♣~§§~~~D♣♣♣~~~~~...~~~~~
♣.~~~~~.n...~~~§..~~~~~.
♣~~~~~~@~~~~~~~§~~~§~~.~
♣.~~~~~~n~~~§~~~~~~~~~~~
♣~.~~~~~~~~~§~~~~~~)~~§~
♣♣.....~~~~.~~§~...~[~~~
♣~.♣♣..~.~~~§~..~..§~~.
♣♣.§♣♣♣.~.~~.~♣.~..~~~~
♣♣..♣♣♣.~~~...♣♣~~~....~
♣♣.~~♣♣♣...~§♣♣♣♣♣♣♣♣♣~.~
♣..§~...~~.~...~♣♣ ♣♣~.


You could see 2 ghouls and a friendly eight-headed hydra (summoned).

Vanquished Creatures
  A hydra (Swamp:1)
  A cyclops (D:7)
  A black mamba (Lair:1)
  A cane toad (Lair:2)
  Prince Ribbit (D:6)
  A tyrant leech (Swamp:1)
  Sigmund (D:2)
  A yak (Lair:2)
  2 humans (D:7)
  A basilisk (Lair:2)
  3 water moccasins
  3 orc warriors
  2 sky beasts (D:7)
  11 centaurs
  2 wolves (Lair:1)
  2 scorpions
  3 bullfrogs
  2 gnoll sergeants
  A killer bee (D:8)
  A howler monkey (D:9)
  An orc priest (D:5)
  A gnoll bouda (D:6)
  2 jellies
  An orc wizard (D:9)
  3 gnolls
  5 adders
  A shadow imp (D:7)
  2 white imps
  A worm (D:2)
  A dart slug (D:3)
  30 orcs
  4 ball pythons
  3 endoplasms
  2 giant cockroaches
  6 goblins
  2 hobgoblins
  3 quokkas
  3 bats
  A frilled lizard (D:3)
  5 kobolds
  3 rats
121 creatures vanquished.

Vanquished Creatures (collateral kills)
  Donald (Swamp:1)
  A fenstrider witch (Swamp:2)
  A ghoul (Swamp:2)
  4 eleionomae
  3 bunyips
  The ghost of Whirlpool the Peltast, a journeyman HuSu of Sif Muna (Lair:2)
  Harold (D:9)
  A ghost crab (Swamp:2)
  4 hydras (Swamp:1)
  Erica (Lair:2)
  3 alligators
  2 goliath frogs (Swamp:2)
  4 bog bodies
  5 will-o-the-wisps
  A cyclops (D:7)
  An elephant (Lair:3)
  A black mamba (Lair:1)
  A cane toad (Lair:1)
  An orange demon (Lair:3)
  A gargoyle (D:7)
  A komodo dragon (Lair:1)
  7 tyrant leeches
  A troll (D:9)
  9 hornets
  A polar bear (Lair:1)
  8 spriggans
  2 wyverns
  A wraith (D:9)
  3 humans (D:7)
  22 yaks
  3 basilisks
  A steam dragon (D:8)
  5 vampire mosquitoes
  Menkaure (D:5)
  6 swamp worms
  2 acid dragons
  A water moccasin (D:8)
  2 swamp drakes (Swamp:1)
  3 ice beasts
  13 orc warriors
  A sky beast (D:7)
  3 centaurs
  7 wolves
  A phantom (D:6)
  A kobold brigand (D:7)
  3 gnoll sergeants (D:9)
  2 scorpions
  A necrophage (Swamp:3)
  8 bullfrogs
  2 wights (D:9)
  7 killer bees
  A howler monkey (D:9)
  A jelly (D:7)
  3 orc priests
  3 hounds
  3 sleepcaps
  2 iguanas
  3 orc wizards
  3 adders
  14 gnolls
  2 shadow imps
  A white imp (D:7)
  An ufetubus (D:6)
  A worm (D:3)
  A dart slug (D:1)
  21 orcs
  2 endoplasms
  A goblin (D:1)
  2 hobgoblins (D:1)
  4 kobolds
  6 ball pythons
  2 frilled lizards
  3 rats (D:1)
246 creatures vanquished.

Vanquished Creatures (others)
  A two-headed ogre (D:7)
  2 elephants (Lair:3)
  A komodo dragon (Lair:2)
  A troll (D:7)
  A hornet (D:6)
  A tyrant leech (Swamp:1)
  2 vampire mosquitoes (D:7)
  A swamp worm (Swamp:2)
  A water moccasin (D:7)
  An acid dragon (D:7)
  A wolf (Lair:1)
  2 centaurs
  A gnoll sergeant (D:7)
  2 killer bees (Lair:3)
  An orc wizard (D:8)
  2 gnolls
  A white imp (D:7)
  23 foxfires
45 creatures vanquished.

Grand Total: 412 creatures vanquished

Notes
Turn   | Place    | Note
-------+----------+-------------------------------------------
     0 | D:1      | Whirlpool the Deep Elf Summoner began the quest for the
                  | Orb.
     0 | D:1      | Reached XP level 1. HP: 10/10 MP: 6/6
   266 | D:1      | Reached XP level 2. HP: 15/15 MP: 6/8
   332 | D:1      | Found a faded altar of an unknown god.
   345 | D:1      | Prayed at the altar of an unknown god.
   345 | D:1      | Became a worshipper of Gozag Ym Sagoz the Greedy
   717 | D:1      | Found Faikue's Assorted Antiques.
   751 | D:1      | Bought 3 scrolls labelled YDECUAHAMY for 63 gold pieces
  1045 | D:2      | Found Teock's Distillery.
  1049 | D:2      | Identified the +6 arbalest "Heacog" {penet, rF+ rC+}
  1274 | D:2      | Reached skill level 1 in Ranged Weapons
  1274 | D:2      | Reached skill level 5 in Summonings
  1274 | D:2      | Reached XP level 3. HP: 19/19 MP: 8/10
  1501 | D:2      | Noticed Sigmund
  1509 | D:2      | Killed Sigmund
  1510 | D:2      | Reached skill level 6 in Summonings
  1510 | D:2      | Reached XP level 4. HP: 14/24 MP: 10/12
  1510 | D:2      | Reached XP level 5. HP: 16/28 MP: 10/13
  1720 | D:2      | Bought a potion of might for 40 gold pieces
  1720 | D:2      | Bought a potion of brilliance for 40 gold pieces
  1720 | D:2      | Bought a potion of degeneration for 10 gold pieces
  1737 | D:2      | Learned a level 3 spell: Call Canine Familiar
  1741 | D:2      | Learned a level 3 spell: Summon Guardian Golem
  1878 | D:3      | Found a basalt altar of Yredelemnul.
  1878 | D:3      | Found a burning altar of Makhleb.
  2454 | D:3      | Reached skill level 7 in Summonings
  2454 | D:3      | Reached XP level 6. HP: 32/32 MP: 14/14
  2461 | D:3      | Found a faded altar of an unknown god.
  2466 | D:3      | Found a stormy altar of Qazlal.
  2848 | D:4      | Found an opulent altar of Gozag.
  3120 | D:4      | Found a glowing silver altar of Zin.
  3123 | D:4      | Found a shimmering altar of Xom.
  3125 | D:4      | Found a broken altar of Ashenzari.
  3216 | D:4      | Found a white marble altar of Elyvilon.
  3217 | D:4      | Found a bloodstained altar of Trog.
  3228 | D:4      | Found Poxuon's General Store.
  3232 | D:4      | Bought a scroll of identify for 24 gold pieces
  3232 | D:4      | Bought a scroll of enchant armour for 90 gold pieces
  3412 | D:4      | Found an ornate altar of the Wu Jian Council.
  3929 | D:5      | Entered Level 5 of the Dungeon
  3932 | D:5      | Reached skill level 8 in Summonings
  3948 | D:5      | Found Quineane's Antique Armour Shoppe.
  3983 | D:5      | Found a staircase to the Ecumenical Temple.
  3984 | D:5      | Noticed Menkaure
  3993 | D:5      | Killed Menkaure
  3994 | D:5      | Reached XP level 7. HP: 22/36 MP: 9/15
  4087 | Temple   | Entered the Ecumenical Temple
  4265 | D:5      | Found Songa's Armour Emporium.
  4322 | D:5      | Reached skill level 9 in Summonings
  4412 | D:5      | Found Lonaoxeo's Antique Armour Emporium.
  4442 | D:5      | Bought a glowing leather armour for 145 gold pieces
  4442 | D:5      | Bought a glowing scarf for 232 gold pieces
  4533 | D:5      | Found Muonkuwk's Antique Armour Shoppe.
  4533 | D:5      | Found Caem's Weapon Boutique.
  4831 | D:5      | Learned a level 7 spell: Summon Hydra
  4851 | D:6      | Noticed a hornet
  4860 | D:6      | Killed a hornet
  4861 | D:6      | Reached XP level 8. HP: 41/41 MP: 10/16
  4867 | D:6      | Reached skill level 10 in Summonings
  5320 | D:6      | Noticed Prince Ribbit
  5335 | D:6      | Killed Prince Ribbit
  6240 | D:5      | Bought a shiny helmet for 180 gold pieces
  6332 | D:7      | Found Taq Deg's Distillery.
  6375 | D:7      | Reached skill level 11 in Summonings
  6381 | D:7      | Reached skill level 5 in Armour
  6381 | D:7      | Reached XP level 9. HP: 32/45 MP: 17/17
  6490 | D:7      | Reached skill level 12 in Summonings
  6539 | D:7      | Noticed a two-headed ogre
  6554 | D:7      | Killed a two-headed ogre
  6555 | D:7      | Reached skill level 13 in Summonings
  6817 | D:7      | Reached skill level 14 in Summonings
  6827 | D:7      | Reached XP level 10. HP: 48/50 MP: 13/18
  7106 | D:7      | Noticed a cyclops
  7131 | D:7      | Noticed a gargoyle
  7237 | D:5      | Bought a pair of runed boots for 217 gold pieces
  8189 | D:1      | Bought a twisted ruby ring for 105 gold pieces
  8189 | D:1      | Bought a scroll of identify for 42 gold pieces
  8805 | D:7      | Reached skill level 15 in Summonings
  8893 | D:7      | Noticed a cyclops
  8902 | D:7      | Killed a cyclops
  9093 | D:7      | Killed a cyclops
  9094 | D:7      | Reached skill level 16 in Summonings
  9638 | D:7      | Killed a gargoyle
 10402 | D:8      | Found a staircase to the Lair.
 10408 | Lair:1   | Entered Level 1 of the Lair of Beasts
 10489 | D:8      | Reached XP level 11. HP: 47/54 MP: 8/19
 10659 | D:8      | Found a snail-covered altar of Cheibriados.
 10662 | D:8      | Found a hide-covered altar of Uskayaw.
 10665 | D:8      | Found a blossoming altar of Fedhas.
 10668 | D:8      | Found a sacrificial altar of Ru.
 11028 | D:8      | Reached skill level 17 in Summonings
 11768 | Lair:1   | Reached skill level 18 in Summonings
 12758 | Lair:2   | Noticed Erica
 12763 | Lair:2   | Killed Erica
 12792 | Lair:2   | Noticed Whirlpool's ghost (journeyman HuSu)
 12800 | Lair:2   | Found a runed translucent door.
 12937 | Lair:2   | Reached skill level 19 in Summonings
 13319 | Lair:2   | Found the amulet of Elemental Vulnerability {rPois rF--
                  | rC-- AC+8}
 13814 | Lair:2   | Killed Whirlpool's ghost
 13815 | Lair:2   | Reached XP level 12. HP: 59/59 MP: 1/20
 14113 | Lair:3   | Found a staircase to the Swamp.
 14117 | Lair:3   | Noticed Amaemon
 14520 | D:9      | Reached skill level 20 in Summonings
 14618 | D:9      | Found a flagged portal.
 14630 | D:9      | Found an ancient bone altar of Kikubaaqudgha.
 14639 | Bailey   | Entered a bailey
 15342 | Bailey   | Reached skill level 1 in Hexes
 15349 | Bailey   | Reached skill level 5 in Ranged Weapons
 15426 | Bailey   | Reached skill level 1 in Fighting
 15704 | Bailey   | Identified the +1 arbalest "Jeowoxu" {heavy, Fly rF+ Dex+3}
 16379 | D:9      | Noticed Harold
 16391 | D:9      | Killed Harold
 16700 | D:9      | Reached skill level 5 in Spellcasting
 17246 | D:9      | Found a radiant altar of Vehumet.
 17761 | Swamp:1  | Entered Level 1 of the Swamp
 17761 | Swamp:1  | Noticed a six-headed hydra
 17767 | Swamp:1  | Killed a six-headed hydra
 17774 | Swamp:1  | Noticed an eleionoma
 17779 | Swamp:1  | Killed an eleionoma
 17825 | Swamp:1  | Learned a level 7 spell: Spellforged Servitor
 17869 | Swamp:1  | Noticed a five-headed hydra
 17927 | Swamp:1  | Noticed Donald
 17951 | Swamp:1  | Reached skill level 1 in Conjurations
 17988 | Swamp:1  | Noticed a seven-headed hydra
 18072 | Swamp:1  | Noticed a bunyip
 18079 | Swamp:1  | Noticed an alligator
 18081 | Swamp:1  | Killed an alligator
 18105 | Swamp:1  | Killed a bunyip
 18135 | Swamp:1  | Killed Donald
 18190 | Swamp:1  | Reached XP level 13. HP: 50/66 MP: 13/25
 18570 | Swamp:1  | Noticed an eleionoma
 18573 | Swamp:1  | Killed an eleionoma
 18583 | Swamp:1  | Reached skill level 5 in Conjurations
 20250 | Swamp:1  | Identified a scroll of acquirement
 20250 | Swamp:1  | Acquired 988 gold pieces
 20260 | Swamp:1  | Bought a manual of Fighting for 1280 gold pieces
 20260 | Swamp:1  | Bought the Spellbook of the Familiar Wind for 544 gold
                  | pieces
 20375 | Swamp:2  | Noticed an eleionoma
 20572 | Swamp:2  | Noticed an eleionoma
 20584 | Swamp:2  | Noticed a fenstrider witch
 20591 | Swamp:1  | Killed an eleionoma
 20747 | Swamp:2  | Killed an eleionoma
 21252 | Swamp:2  | Reached skill level 5 in Fighting
 21968 | Swamp:2  | Killed a fenstrider witch
 22157 | Swamp:2  | Reached skill level 5 in Hexes
 22245 | Swamp:2  | Noticed a bunyip
 22445 | Swamp:2  | Killed a bunyip
 22600 | Swamp:2  | Noticed a bunyip
 22858 | Swamp:2  | Killed a bunyip
 24145 | Swamp:3  | Noticed a ghoul
 24152 | Swamp:3  | Noticed a ghoul
 24271 | Swamp:3  | Noticed a tentacled monstrosity
 24271 | Swamp:3  | Noticed an eleionoma
 24330 | Swamp:3  | Noticed a ghoul
 24338 | Swamp:2  | Killed a ghoul
 24339 | Swamp:2  | Reached XP level 14. HP: 82/86 MP: 0/28
 24481 | Swamp:2  | Mangled by a ghoul

Illustrated notes

Levels and vault maps discovered:
D:1:      wander_arrival_fairy_ring, layout_basic, serial_shops,
          nicolae_shop_tiny_waterfront, shapermc_ecumenical_altar_pompeii
D:2:      layout_loops_ring, serial_shops, nicolae_square_shop, uniq_sigmund
D:3:      layout_basic, nicolae_overflow_ecumenical_swirl,
          nicolae_overflow_two_pavilions, kennysheep_cross_bottleneck
D:4:      layout_loops_corners, lemuel_crystal_altar,
          mainiacjoe_overflow_cross_hatched, nicolae_overflow_hidden_temple,
          nicolae_ossuary_entry_false_entrances, serial_shops, shop
D:5:      layout_rooms, minmay_temple_entry_arrows, serial_shops, shop,
          nicolae_shop_crystal, nicolae_stop_n_shop_1, shop, shop, uniq_menkaure
D:6:      layout_basic, uniq_prince_ribbit1
D:7:      minmay_the_grid_plus [minmay_the_grid_minigrid_medium,
          minmay_the_grid_medium_cups, minmay_the_grid_minigrid_large,
          minmay_the_grid_square_x, minmay_the_grid_prize_four_corners],
          layout_basic, serial_shops, nicolae_stop_n_shop_2, minmay_ruffians
D:8:      layout_basic, grunt_temple_overflow_cloverleaf, dpeg_oklobed_lair,
          supply_closet_lemuel
D:9:      layout_basic, kiku_gazebo_garden_becter, vehumet_altar_wand_db,
          enter_bailey_2, sword_in_stone, uniq_harold
Temple:   nicolae_temple_bog_church
Lair:1:   layout_loops_ring
Lair:2:   layout_regular_city, hellmonk_ghost_happy_afterlife, uniq_erica
Lair:3:   wad_woods_minihive, layout_misc_corridors, swamp_mist,
          minmay_snake_entry_spellcaster, uniq_amaemon
Swamp:1:  layout_basic_swamp, serial_swamp_ruin, evilmike_swamp_ruin_house_2,
          evilmike_swamp_ruin_rubble_2, evilmike_swamp_ruin_house_1, uniq_donald
Swamp:2:  layout_basic_swamp, evilmike_swamp_ruin_house_3
Swamp:3:  layout_basic_swamp, hangedman_swamp_pad, swamp_pool1

Skill      XL: |  1  2  3  4  5  6  7  8  9 10 11 12 13 |
---------------+----------------------------------------+-----
Ranged Weapons | 1 4 8 |  8.0
Spellcasting   | 4 7 8 |  8.1
Summonings     | 5 6 7 8 9 11 14 16 19 20 | 20.0
Armour         | 2 5 6 |  6.0
Hexes          | 2 6 |  6.2
Stealth        | 4 |  4.0
Dodging        | 4 |  4.0
Fighting       | 2 9 |  9.4
Conjurations   | 3 7 |  7.5

Action                     |  1- 3 |  4- 6 |  7- 9 | 10-12 | 13-15 || total
---------------------------+-------+-------+-------+-------+-------++-------
  Melee: Unarmed           |    10 |       |       |       |       ||    10
   Fire: Arbalest          |    18 |    46 |    88 |   285 |    20 ||   457
   Cast: Summon Small Mamm |    27 |     4 |     1 |     3 |       ||    35
         Call Canine Famil |       |    11 |    19 |    52 |    29 ||   111
         Summon Guardian G |       |     2 |     8 |    20 |    13 ||    43
         Summon Hydra      |       |       |       |    46 |    67 ||   113
 Invoke: Call Merchant     |       |       |       |       |     1 ||     1
  Evoke: Wand              |       |       |       |     1 |       ||     1
    Use: Scroll            |     1 |     2 |     6 |    22 |     2 ||    33
         Potion            |       |       |       |    12 |     1 ||    13
 Armour: Robe              |     4 |       |       |       |       ||     4
         Leather armour    |       |       |    18 |    73 |    29 ||   120
  Dodge: Dodged            |     4 |     3 |    23 |   112 |    35 ||   177
  Block: Other             |       |     1 |     7 |    39 |    11 ||    58
         Reflection        |       |       |     1 |     6 |     1 ||     8

Table legend: (Time is in decaauts)
 A = Elapsed time spent in this place.
 B = Non-inter-level travel time spent in this place.
 C = Inter-level travel time spent in this place.
 D = Time resting spent in this place.
 E = Time spent auto-exploring this place.
 F = Levels seen in this place.
 G = Mean time per level.
                   A        B        C        D        E       F      G
               +--------+--------+--------+--------+--------+-----+--------+
         Total |  24893 |  22036 |   2857 |   4487 |   6556 |  17 | 1464.3 |
       Dungeon |  13035 |  10796 |   2239 |   1136 |   5260 |   9 | 1448.3 |
        Temple |    178 |    178 |      0 |      0 |    139 |   1 |  178.0 |
          Lair |   3156 |   2763 |    393 |    255 |    776 |   3 | 1052.0 |
         Swamp |   6780 |   6555 |    225 |   2959 |    299 |   3 | 2260.0 |
        Bailey |   1743 |   1743 |      0 |    136 |     82 |   1 | 1743.0 |
               +--------+--------+--------+--------+--------+-----+--------+

Top non-repeatable levels by time:
 Swamp:1: 4770 daAuts
 Swamp:2: 1973 daAuts
     D:8: 1921 daAuts
     D:7: 1847 daAuts
  Lair:2: 1793 daAuts
  Bailey: 1743 daAuts
     D:3: 1553 daAuts
     D:4: 1537 daAuts
     D:6: 1504 daAuts
     D:9: 1406 daAuts
  Lair:1: 1336 daAuts
     D:5: 1218 daAuts
     D:1: 1202 daAuts
     D:2: 844 daAuts
  Temple: 178 daAuts
